 Dungeon Crawl Stone Soup version 0.29-a0-668-g12ee2bf84d (webtiles) character file.

Game seed: 2810021406738837788

2321 blackman the Spear-Bearer (level 9, -3/65 HPs)
             Began as a Human Delver on June 23, 2022.
             Was an Elder of Elyvilon.
             Succumbed to an orc wizard's poison
             ... on level 7 of the Dungeon.
             The game lasted 00:28:00 (12227 turns).

blackman the Spear-Bearer (Human Delver)           Turns: 12227, Time: 00:28:00

Health: -3/65      AC: 11    Str: 17    XL:     9   Next: 69%
Magic:  2/9        EV:  7    Int: 10    God:    Elyvilon [****..]
Gold:   207        SH:  0    Dex: 15    Spells: 8/8 levels left

rFire   . . .      SeeInvis .   I - +1 halberd (venom)
rCold   . . .      Faith    .   (shield currently unavailable)
rNeg    . . .      Spirit   +   k - +0 chain mail
rPois   .          Reflect  .   n - +1 helmet
rElec   .          Harm     .   (no cloak)
rCorr   .          Rampage  .   h - +0 pair of gloves
Will    .....                   (no boots)
Stlth   ..........              w - amulet of guardian spirit
HPRegen 0.20/turn               (no ring)
MPRegen 0.11/turn               (no ring)

@: mighty, lethally poisoned (-3 -> -27)
A: no striking features
a: Renounce Religion, Purification, Heal Other, Heal Self


You were on level 7 of the Dungeon.
You worshipped Elyvilon.
Elyvilon was greatly pleased with you.
You visited 2 branches of the dungeon, and saw 8 of its levels.

You collected 207 gold pieces.

Inventory:

Hand Weapons
 a - a +0 hand axe
 c - a +0 war axe
 y - the +0 mace of the Undead {flame, rF+ rN++ Int-2}
   (You found it on level 5 of the Dungeon)

   It burns those it strikes, dealing additional fire damage.
   Int:       It affects your intelligence (-2).
   rF:        It protects you from fire.
   rN:        It greatly protects you from negative energy.
 G - a +0 broad axe
 I - a +1 halberd of venom (weapon)
Missiles
 e - 10 poisoned darts (quivered)
 x - 4 javelins
Armour
 b - a +0 leather armour
 h - a +0 pair of gloves (worn)
 k - a +0 chain mail (worn)
 n - a +1 helmet (worn)
Jewellery
 f - an amulet of the acrobat
 w - an amulet of guardian spirit (around neck)
Wands
 g - a wand of digging (1)
 H - a wand of flame (24)
Scrolls
 d - 5 scrolls of identify
 j - a scroll of enchant weapon {unknown}
 o - 2 scrolls of fog
 r - a scroll of amnesia
 s - a scroll of blinking
 t - 3 scrolls of enchant armour
 u - 3 scrolls of vulnerability
 C - 2 scrolls of teleportation {unknown}
 E - 3 scrolls of acquirement {unknown}
 F - a scroll of immolation {unknown}
Potions
 i - 5 potions of degeneration
 l - a potion of ambrosia {unknown}
 m - a potion of cancellation {unknown}
 p - 2 potions of berserk rage {unknown}
 q - a potion of might
 v - a potion of mutation {unknown}
 z - a potion of flight {unknown}
 A - a potion of haste
 B - 2 potions of heal wounds {unknown}
 D - a potion of attraction {unknown}
 J - a potion of brilliance {unknown}


   Skills:
 * Level 3.7 Fighting
 - Level 6.9(10.9) Axes
 - Level 13.0(13.7) Polearms
 * Level 2.0 Armour
 - Level 2.0 Dodging
 - Level 5.0 Stealth


You had 8 spell levels left.
You didn't know any spells.
Your spell library contained the following spells:

 Spells                   Type           Power      Damage    Failure   Level
 Sandblast                Erth           0%         2d4       99%         1
 Ensorcelled Hibernation  Hex/Ice        0%         N/A       100%        2
 Passwall                 Tmut/Erth      0%         N/A       100%        2
 Spider Form              Tmut/Pois      0%         N/A       100%        3
 Stone Arrow              Conj/Erth      0%         3d7       100%        3
 Airstrike                Air            0%         N/A       100%        4
 Anguish                  Hex/Necr       0%         N/A       100%        4
 Summon Lightning Spire   Summ/Air       0%         N/A       100%        4
 Lightning Bolt           Conj/Air       0%         1d11      100%        5


Dungeon Overview and Level Annotations

Branches:
Dungeon (7/15)             Temple (1/1) D:5

Altars:
Ashenzari
Cheibriados
Dithmenos
Elyvilon
Fedhas
Gozag
Hepliaklqana
Makhleb
Nemelex Xobeh
Okawaru
Qazlal
Ru
Sif Muna
Trog
Vehumet
Wu Jian
Xom
Yredelemnul
Zin
The Shining One

Shops:
D:2 *

Annotations:
D:6 1 runed translucent door, DocClef's ghost, novice VSFi


Message History

You slash the orc priest!
You kill the orc priest!
You feel very sick.
The orc wizard points at you and mumbles some strange words.
You are confused.
Your Armour skill increases to level 2!
You feel sick. The orc wizard closely misses you.
You see here a +0 dagger.
You closely miss the orc wizard.
The orc wizard is heavily wounded.
You feel sick.
The orc wizard gestures wildly while chanting.
The orc wizard flickers and vanishes!
Deactivating autopickup; reactivate with Ctrl-A.
You bump into the rock wall.
You feel sick. Something hits you but does no damage.
You are more poisoned.
You bump into the rock wall.
You feel very sick. Something hits you but does no damage.
You are lethally poisoned!
* * * LOW HITPOINT WARNING * * *
You feel very sick. Something hits you.
* * * LOW HITPOINT WARNING * * *
You are more poisoned.
You see here a +0 dagger.
You bump into the rock wall.
You feel less confused.
* * * LOW HITPOINT WARNING * * *
You feel extremely sick.
You hear some strange, mumbled words.
A magic dart appears from out of thin air!
The magic dart hits you!
* * * LOW HITPOINT WARNING * * *
Unknown command.
You don't have enough magic at the moment.
It was a potion of might.
You feel very mighty all of a sudden.
You die...

#.....# #.# #######
#.# #.# #.# #.# #.#
#############.##
#..>)))........#
#######@##############
......{)# #########


There were no monsters in sight!

Vanquished Creatures
  A hornet (D:7)
  A steam dragon (D:6)
  An ogre (D:6)
  2 centaurs
  2 phantoms (D:4)
  2 kobold brigands (D:7)
  Blork the orc (D:6)
  A bullfrog (D:6)
  6 scorpions
  A necrophage (D:6)
  2 jellies
  3 gnoll shamans
  6 orc priests
  Crazy Yiuf (D:5)
  5 iguanas
  5 orc wizards
  Robin (D:2)
  12 gnolls
  5 adders
  2 shadow imps
  3 white imps
  A worm (D:2)
  4 dart slugs
  18 orcs
  8 endoplasms
  2 giant cockroaches (D:2)
  8 hobgoblins
  5 jackals
  8 kobolds
  3 quokkas
  6 ball pythons
  4 bats
  5 frilled lizards
  19 goblins
  7 rats
161 creatures vanquished.

Vanquished Creatures (others)
  3 fungi (D:1)
  2 plants (D:1)
5 creatures vanquished.

Grand Total: 166 creatures vanquished

Notes
Turn   | Place    | Note
-------+----------+-------------------------------------------
     0 | D:5      | blackman the Human Delver began the quest for the Orb.
     0 | D:5      | Reached XP level 1. HP: 18/18 MP: 1/1
    51 | D:5      | Found a burning altar of Makhleb.
    51 | D:5      | Found a faded altar of an unknown god.
    56 | D:5      | Found a faded altar of an unknown god.
    58 | D:5      | Found a sparkling altar of Nemelex Xobeh.
    59 | D:5      | Found a shimmering altar of Xom.
    95 | D:5      | Found a staircase to the Ecumenical Temple.
   101 | Temple   | Entered the Ecumenical Temple
   107 | Temple   | Reached XP level 2. HP: 16/24 MP: 2/2
   458 | Temple   | Became a worshipper of Elyvilon the Healer
   514 | D:5      | Noticed a centaur
   528 | D:4      | Noticed a scorpion
   656 | D:3      | Found an ornate altar of the Wu Jian Council.
  1179 | D:1      | Reached XP level 3. HP: 27/29 MP: 3/3
  1216 | D:1      | Reached * piety under Elyvilon
  1468 | D:1      | Found a faded altar of an unknown god.
  2093 | D:2      | Reached ** piety under Elyvilon
  2101 | D:2      | Noticed Robin
  2104 | D:2      | Reached XP level 4. HP: 34/35 MP: 4/4
  2988 | D:2      | Killed Robin
  3082 | D:2      | Found Ovvad's Assorted Antiques.
  3399 | D:2      | Reached XP level 5. HP: 39/41 MP: 5/5
  3810 | D:3      | Reached skill level 5 in Axes
  3968 | D:3      | You fall into a shaft and drop 1 floor!
  4077 | D:3      | Found a glowing silver altar of Zin.
  4077 | D:3      | Noticed an angel
  4250 | D:4      | Reached *** piety under Elyvilon
  4425 | D:4      | Reached XP level 6. HP: 47/47 MP: 6/6
  5093 | D:4      | Reached XP level 7. HP: 52/52 MP: 7/7
  5561 | D:4      | Reached skill level 1 in Polearms
  5568 | D:4      | Reached skill level 2 in Polearms
  5792 | D:4      | Reached **** piety under Elyvilon
  6029 | D:5      | Reached skill level 3 in Polearms
  6139 | D:5      | Reached skill level 4 in Polearms
  6142 | D:5      | Reached skill level 5 in Polearms
  6857 | D:5      | Found a runed translucent door.
  6858 | D:5      | Noticed Crazy Yiuf
  6870 | D:5      | Killed Crazy Yiuf
  6874 | D:5      | Identified the +0 mace of the Undead {flame, rF+ rN++
                  | Int-2}
  7178 | D:5      | Reached skill level 6 in Polearms
  7185 | D:5      | Reached XP level 8. HP: 35/58 MP: 3/8
  7320 | D:5      | Reached skill level 7 in Polearms
  7775 | D:4      | Reached skill level 8 in Polearms
  8879 | D:4      | Reached skill level 9 in Polearms
  9212 | D:6      | Reached skill level 10 in Polearms
  9448 | D:6      | Reached skill level 11 in Polearms
  9448 | D:6      | Reached XP level 9. HP: 41/63 MP: 5/9
  9865 | D:6      | Found a basalt altar of Yredelemnul.
  9866 | D:6      | Noticed Blork the orc
  9913 | D:6      | Found a runed translucent door.
  9913 | D:6      | Noticed DocClef's ghost (novice VSFi)
 10159 | D:6      | Found a sacrificial altar of Ru.
 10773 | D:6      | Reached skill level 12 in Polearms
 11007 | D:6      | Killed Blork the orc
 11219 | D:7      | Noticed a hornet
 11234 | D:7      | Paralysed by a hornet for 1 turns
 11240 | D:7      | Killed a hornet
 11400 | D:7      | Reached skill level 13 in Polearms
 11902 | D:6      | Reached skill level 1 in Armour
 12226 | D:7      | HP: 1/65 [something/magic dart (4)]
 12227 | D:7      | Succumbed to an orc wizard's poison

Illustrated notes

Levels and vault maps discovered:
D:1:      matt_arrival_los_fun, layout_loops_cross, serial_aquarium,
          aquarium_bridge_straight [aquarium_subvault_bridge,
          aquarium_subvault_wall, aquarium_subvault_bridge,
          aquarium_subvault_window], aquarium_bridge_straight
          [aquarium_subvault_bridge, aquarium_subvault_wall,
          aquarium_subvault_bridge, aquarium_subvault_wall],
          aquarium_window_fake, aquarium_window_fake, aquarium_view_2d,
          aquarium_view_2a, aquarium_balcony_3b, aquarium_pool_2,
          shapermc_ecumenical_altar_mp_urbaneastern
D:2:      layout_rooms, serial_shops, nicolae_shop_crystal,
          minmay_split_cup_large, uniq_robin
D:3:      layout_basic, zin_angel, mainiacjoe_overflow_brackets
D:4:      layout_basic, minmay_manual_maat
D:5:      layout_basic, chequers_temple_overflow_minitemple,
          minmay_temple_entry_grid, grunt_ministairs_14,
          hangedman_minor_gate_pass, uniq_crazy_yiuf_cottage
D:6:      layout_basic, nicolae_ru_great_annihilating_truth, lemuel_tele_altar,
          gammafunk_ghost_grave, uniq_blork_the_orc
D:7:      layout_basic, nicolae_uskayaw_en_pointe
Temple:   nicolae_temple_figure_eight

Skill      XL: |  1  2  3  4  5  6  7  8  9 |
---------------+----------------------------+-----
Axes           | 3 4 5 6 |  6.9
Polearms       | 6 11 13 | 13.0
Armour         | 2 |  2.0
Fighting       | |  3.7
Dodging        | |  2.0
Stealth        | |  5.0

Action                   |  1- 3 |  4- 6 |  7- 9 || total
-------------------------+-------+-------+-------++-------
Melee: Hand axe          |    23 |       |       ||    23
       War axe           |    64 |    25 |       ||    89
       Spear             |       |   146 |   320 ||   466
       Punch             |       |       |     6 ||     6
       Halberd           |       |       |    43 ||    43
Throw: Javelin           |       |       |     6 ||     6
       Dart              |       |       |     9 ||     9
Invok: Purification      |       |       |     2 ||     2
       Heal Self         |       |       |     1 ||     1
Evoke: Wand              |     1 |       |     1 ||     2
  Use: Scroll            |     4 |       |     5 ||     9
       Potion            |     1 |       |     5 ||     6
 Stab: Sleeping          |     7 |       |       ||     7
       Distracted        |     1 |       |       ||     1
       Paralysed         |       |       |     1 ||     1
Armor: Leather armour    |    12 |       |       ||    12
       Chain mail        |    10 |    99 |   161 ||   270
Dodge: Dodged            |    53 |    47 |    82 ||   182

Table legend: (Time is in decaauts)
 A = Elapsed time spent in this place.
 B = Non-inter-level travel time spent in this place.
 C = Inter-level travel time spent in this place.
 D = Time resting spent in this place.
 E = Time spent auto-exploring this place.
 F = Levels seen in this place.
 G = Mean time per level.
                   A        B        C        D        E       F      G
               +--------+--------+--------+--------+--------+-----+--------+
         Total |  12131 |  11781 |    350 |   4624 |   5727 |   8 | 1516.4 |
       Dungeon |  11771 |  11475 |    296 |   4624 |   5434 |   7 | 1681.6 |
        Temple |    360 |    306 |     54 |      0 |    293 |   1 |  360.0 |
               +--------+--------+--------+--------+--------+-----+--------+

Top non-repeatable levels by time:
     D:4: 2915 daAuts
     D:1: 1846 daAuts
     D:5: 1792 daAuts
     D:6: 1507 daAuts
     D:7: 1496 daAuts
     D:3: 1168 daAuts
     D:2: 1044 daAuts
  Temple: 360 daAuts
